 Dungeon Crawl Stone Soup version 0.30.0-18-gc0e69614cb (webtiles) character file.

Game seed: 5952355673962464372

49 Hades the Ducker (level 3, -7/27 HPs)
             Began as a Demonspawn Gladiator on May 23, 2023.
             Was an Initiate of Kikubaaqudgha.
             Mangled by an iguana (8 damage)
             ... on level 3 of the Dungeon.
             The game lasted 00:12:13 (2204 turns).

Hades the Ducker (Demonspawn Gladiator)             Turns: 2204, Time: 00:12:16

Health: -7/27      AC:  7    Str: 14    XL:     3   Next: 53%
Magic:  3/3        EV: 10    Int: 17    God:    Kikubaaqudgha [......]
Gold:   82         SH:  0    Dex: 14    Spells: 2/2 levels left

rFire   . . .        a - +0 war axe
rCold   . . .        (no shield)
rNeg    . . .        o - +0 scale mail
rPois   .            c - +0 helmet
rElec   .            (no cloak)
rCorr   .            (no gloves)
SInv    .            (no boots)
Will    .....        (no amulet) Stlth
                     g - +6 ring of intelligence
HPRegen 0.24/turn    (no ring)
MPRegen 0.16/turn

%: no passive effects
@: no status effects
A: magic regeneration
a: Renounce Religion


You were on level 3 of the Dungeon.
You worshipped Kikubaaqudgha.
Kikubaaqudgha was noncommittal.
You visited 1 branch of the dungeon, and saw 3 of its levels.

You collected 82 gold pieces.

Inventory:

Hand Weapons
 a - a +0 war axe (weapon)
Missiles
 d - 3 throwing nets (quivered)
 e - a javelin
Armour
 b - a +0 leather armour
 c - a +0 helmet (worn)
 o - a +0 scale mail (worn)
Jewellery
 g - a +6 ring of intelligence (left hand)
Scrolls
 h - 3 scrolls of identify {unknown}
 i - 2 scrolls of immolation {unknown}
 k - 4 scrolls of teleportation {unknown}
 n - a scroll of silence {unknown}
 q - a scroll of fear {unknown}
 r - a scroll of enchant armour {unknown}
Potions
 f - a potion of haste {unknown}
 j - a potion of berserk rage {unknown}
 l - a potion of invisibility {unknown}
 m - a potion of might {unknown}
 p - 2 potions of degeneration {unknown}
 s - a potion of curing {unknown}


   Skills:
 + Level 2.1 Fighting
 + Level 3.2 Axes
 - Level 1.8 Throwing
 + Level 1.1 Armour
 + Level 3.3 Dodging


You had 2 spell levels left.
You didn't know any spells.
Your spell library contained the following spells:

 Spells                   Type           Power      Damage    Failure   Level
 Summon Guardian Golem    Hex/Summ       0%         N/A       97%         3
 Summon Ice Beast         Ice/Summ       0%         N/A       100%        4
 Summon Mana Viper        Hex/Summ       0%         N/A       100%        5
 Monstrous Menagerie      Summ           0%         N/A       100%        7
 Orb of Destruction       Conj           0%         9d5       100%        7
 Spellforged Servitor     Conj/Summ      0%         N/A       100%        7


Dungeon Overview and Level Annotations

Branches:
Dungeon (3/15)

Altars:
Kikubaaqudgha
Qazlal
Yredelemnul


Innate Abilities, Weirdness & Mutations

You regenerate magic rapidly.


Message History

You kneel at the altar of Kikubaaqudgha.
Kikubaaqudgha welcomes you!
Okay, then.
Found a stone staircase leading down.
Found a scroll labelled OFFEORUOSI.
h - 3 scrolls labelled OFFEORUOSI (gained 1)
You see here 4 stones.
A kobold comes into view. It is wielding a +0 dagger.
The kobold shouts!
The kobold hits you with a +0 dagger.
You closely miss the kobold. The kobold hits you but does no damage.
You closely miss the kobold. The kobold hits you with a +0 dagger.
You slash the kobold!
You kill the kobold!
Kikubaaqudgha accepts your kill.
Things that are here:
a +0 dagger; 2 stones
Found an escape hatch in the ceiling.
Found a weird glowing staff.
Found a stone staircase leading up.
You see here a staff of cold.
An iguana comes into view.
The iguana hisses angrily.
Found a cyan potion.
You hit the iguana.
The iguana is moderately wounded.
The iguana closely misses you. The iguana bites you!
You barely miss the iguana.
The iguana is moderately wounded.
The iguana bites you!
You closely miss the iguana.
The iguana is moderately wounded.
The iguana bites you!
* * * LOW HITPOINT WARNING * * *
You closely miss the iguana.
The iguana is moderately wounded.
The iguana bites you but does no damage.
The iguana hisses menacingly.
The iguana bites you!
You die...
Kikubaaqudgha rasps: "You have failed me!
Welcome... death!"

... ### #..# ..# ....
#.## . #.## ##..####.#
#..# ........ #.###
#.....####
#...#########..##.....
###..<..|...............
............###.@..#....
.#..........# #.l..# .
............# #.......
##..........# #....#....
#..........# #....#....
#......<...# #....# ###
############ #....#
#!...#


You could see an iguana.

Vanquished Creatures
  An adder (D:2)
  A dart slug (D:2)
  An orc (D:3)
  3 endoplasms (D:1)
  A giant cockroach (D:2)
  4 goblins
  6 kobolds
  4 quokkas
  2 ball pythons
  5 bats
  5 frilled lizards
  3 rats (D:2)
36 creatures vanquished.

Notes
Turn   | Place    | Note
-------+----------+-------------------------------------------
     0 | D:1      | Hades the Demonspawn Gladiator began the quest for the Orb.
     0 | D:1      | Reached XP level 1. HP: 16/16 MP: 1/1
   255 | D:1      | Gained mutation: You regenerate magic rapidly. [demonic
                  | ancestry]
   255 | D:1      | Reached XP level 2. HP: 20/22 MP: 2/2
   922 | D:2      | Reached XP level 3. HP: 24/27 MP: 3/3
  1536 | D:2      | Reached skill level 1 in Armour
  2071 | D:3      | Found a stormy altar of Qazlal.
  2085 | D:3      | Found a basalt altar of Yredelemnul.
  2090 | D:3      | Found an ancient bone altar of Kikubaaqudgha.
  2114 | D:3      | Became a worshipper of Kikubaaqudgha
  2203 | D:3      | HP: 1/27 [iguana (11)]
  2204 | D:3      | Mangled by an iguana

Illustrated notes

Levels and vault maps discovered:
D:1:      spicycebolla_green_bress_n_ham, layout_basic
D:2:      layout_rooms, lexackson_kobold_supper
D:3:      layout_rooms, minitemple, gammafunk_ghost_grave,
          uniq_crazy_yiuf_cottage

Skill      XL: |  1  2  3 |
---------------+----------+-----
Dodging        | 3 |  3.3
Axes           | 3 |  3.2
Armour         | 1 |  1.1
Fighting       | |  2.1
Throwing       | |  1.8

Action                     || total
---------------------------++-------
  Melee: War axe           ||   629
         Punch             ||    10
 Armour: Leather armour    ||    40
         Scale mail        ||    25
  Dodge: Dodged            ||    79
